 Dungeon Crawl Stone Soup version 0.29.1-15-g9cfb28693d (webtiles) character file.

Game seed: 6247786037953544323

197 mhilhors the Grave Robber (level 5, 0/25 HPs)
             Began as a Vine Stalker Necromancer on Apr 16, 2023.
             Slain by Grinder (2 damage)
             ... while paralysed by Grinder
             ... on level 3 of the Dungeon.
             The game lasted 00:14:46 (3070 turns).

mhilhors the Grave Robber (VSNe)                    Turns: 3070, Time: 00:14:47

Health: 0/25       AC:  3    Str: 10    XL:     5   Next: 75%
Magic:  0/11       EV:  2    Int: 17    God:
Gold:   123        SH:  0    Dex: 15    Spells: 7/11 levels left

rFire   . . .      SeeInvis .   f - +0 short sword
rCold   . . .      Faith    .   (no shield)
rNeg    . . .      Spirit   +   d - +0 leather armour
rPois   .          Reflect  .   (no helmet)
rElec   .          Harm     .   (no cloak)
rCorr   .          Rampage  .   (no gloves)
Will    .....                   (no boots)
Stlth   ++........              l - amulet of magic regeneration
HPRegen 0.88/turn               (no ring)
MPRegen 0.52/turn               (no ring)

@: paralysed, on berserk cooldown, attractive, hasted and slowed
A: fangs 2, regeneration 1, magic shield, antimagic bite, no potion heal 2
a: no special abilities


You were on level 3 of the Dungeon.
You visited 1 branch of the dungeon, and saw 3 of its levels.

You collected 123 gold pieces.

Inventory:

Hand Weapons
 f - a +0 short sword (weapon)
 q - a +0 rapier
Missiles
 c - 32 stones (quivered)
 t - an atropa-tipped dart
Armour
 a - a +0 robe
 d - a +0 leather armour (worn)
Jewellery
 l - an amulet of magic regeneration (around neck)
 v - an amulet of reflection
Scrolls
 r - a scroll of magic mapping {unknown}
 u - a scroll of noise {unknown}
 w - 2 scrolls of amnesia {unknown}
Potions
 b - 2 potions of magic
 e - 2 potions of flight
 g - 2 potions of mutation
 i - a potion of cancellation


   Skills:
 * Level 1.1 Fighting
 - Level 1.2 Short Blades
 * Level 0.2(0.7) Long Blades
 - Level 1.0 Armour
 - Level 1.6 Dodging
 - Level 2.7 Stealth
 - Level 0.1 Unarmed Combat
 + Level 3.7 Spellcasting
 + Level 5.0 Necromancy


You had 7 spell levels left.
You knew the following spells:

 Your Spells              Type           Power      Damage    Failure   Level
a - Necrotise             Necr           80%        1d8       2%          1
b - Vampiric Draining     Necr           20%        2d7       9%          3

Your spell library contained the following spells:

 Spells                   Type           Power      Damage    Failure   Level
 Animate Dead             Necr           20%        N/A       26%         4
 Agony                    Necr           20%        N/A       58%         5


Dungeon Overview and Level Annotations

Branches:
Dungeon (3/15)

Altars:

Annotations:
D:3 Grinder


Innate Abilities, Weirdness & Mutations

You have extremely sharp teeth.
Your natural rate of healing is unusually fast.
When hurt, damage is shared between your health and your magic reserves.
Your bite disrupts and absorbs the magic of your enemies.
Potions cannot restore your health.


Message History

Grinder's magic is no longer disrupted.
Grinder hits you!
You writhe in agony.
Grinder hits you!
* * * LOW HITPOINT WARNING * * *
You writhe in agony.
* * * LOW HITPOINT WARNING * * *
It was a potion of berserk rage.
A red film seems to cover your vision as you go berserk!
You feel yourself moving faster!
You feel mighty!
Grinder blinks!
Unknown command.
You feel a strong urge to attack something.
You flicker for a moment.
You feel your anger nearly subside.
You are no longer berserk.
You are exhausted.
You feel yourself slow down.
It was a potion of heal wounds.
That seemed strangely inert.
You flicker back into view.
Grinder shouts!
Grinder blinks!
It was a potion of attraction.
You feel attractive to monsters. Grinder gestures at you.
Pain shoots through your body!
As you read the scroll labelled BEJUUGH KUZUXT, it crumbles to dust.
The creatures around you are filled with an inner flame!
It was a scroll of immolation.
Grinder blinks!
Grinder gestures at you.
You struggle to resist.
Grinder is attracted toward you.
This is a scroll of acquirement!
Something appears at your feet!
Grinder hits you. x2; You writhe in agony.
* * * LOW HITPOINT WARNING * * *
You feel yourself speed up. Grinder hits you.
* * * LOW HITPOINT WARNING * * *
Grinder gestures at you.
You suddenly lose the ability to move!
Grinder completely misses you.
Grinder says, "Don't move a muscle."
Grinder hits you.
* * * LOW HITPOINT WARNING * * *
You writhe in agony.
You die...

.# #.# #.#####(#####....## .#
#.####.# #(# #...... .# #......#
#(# #...... .# ############(###
#####.)
.#############..........#######..
.................##5(............
.#############.#.##.#.#(#######..
.# #.#5##.#....##.....# .#
#.#@##.#.......####. .#
#.#.##.##...### ## .#######
#.#.##ยง# #.## # .......#
##.#.##.# #.#
..[....######.......# #.#
........)........#### #.#
.....).######...## #.# .......#
##.## #.# .#####.# ### #.#


You could see Grinder (fast, inner flame).

Vanquished Creatures
  Jessica (D:2)
  Natasha (thrice) (D:2)
  An adder (D:2)
  An ufetubus (D:2)
  5 dart slugs
  4 orcs (D:3)
  4 ball pythons
  5 bats
  9 endoplasms
  A giant cockroach (D:1)
  4 hobgoblins
  2 jackals (D:2)
  2 quokkas
  6 frilled lizards
  3 goblins
  4 kobolds
  5 rats
60 creatures vanquished.

Vanquished Creatures (collateral kills)
  An adder (D:2)
  A rat (D:2)
2 creatures vanquished.

Grand Total: 62 creatures vanquished

Notes
Turn   | Place    | Note
-------+----------+-------------------------------------------
     0 | D:1      | mhilhors the Vine Stalker Necromancer began the quest for
                  | the Orb.
     0 | D:1      | Reached XP level 1. HP: 9/9 MP: 4/4
   348 | D:1      | Found a faded altar of an unknown god.
   442 | D:1      | Reached XP level 2. HP: 13/13 MP: 0/6
   851 | D:1      | Reached XP level 3. HP: 13/16 MP: 2/7
  1622 | D:2      | Noticed Natasha
  1630 | D:2      | Killed Natasha
  1631 | D:2      | Gained mutation: Your natural rate of healing is unusually
                  | fast. [Vine Stalker growth]
  1631 | D:2      | Reached XP level 4. HP: 17/21 MP: 2/9
  1696 | D:2      | Noticed Jessica
  1702 | D:2      | Killed Jessica
  1976 | D:2      | Noticed Natasha
  2040 | D:2      | Killed Natasha
  2041 | D:2      | Reached skill level 1 in Short Blades
  2041 | D:2      | Reached XP level 5. HP: 21/25 MP: 8/11
  2049 | D:2      | Learned a level 3 spell: Vampiric Draining
  2290 | D:2      | Noticed Natasha
  2301 | D:2      | Killed Natasha
  2302 | D:2      | Reached skill level 1 in Fighting
  2302 | D:2      | Reached skill level 1 in Armour
  2302 | D:2      | Reached skill level 5 in Necromancy
  2359 | D:3      | Noticed Grinder
  2512 | D:3      | Identified the +0 leather armour "Huing" {Fly rN+ Dex-2}
  3068 | D:3      | Identified a scroll of acquirement
  3068 | D:3      | Acquired the +2 hat of the Moon {rElec Regen+}
  3069 | D:3      | Paralysed by Grinder for 4 turns
  3070 | D:3      | Slain by Grinder

Illustrated notes

Levels and vault maps discovered:
D:1:      dpeg_arrival_pond, layout_loops_ring, dreamdust_ecumenical_altar_grove
D:2:      layout_basic, uniq_jessica, uniq_natasha
D:3:      layout_loops_ring, minivault_4, uniq_grinder

Skill      XL: |  1  2  3  4  5 |
---------------+----------------+-----
Spellcasting   | 3 |  3.7
Short Blades   | 1 |  1.2
Fighting       | 1 |  1.1
Armour         | 1 |  1.0
Necromancy     | 5 |  5.0
Long Blades    | |  0.2
Dodging        | |  1.6
Stealth        | |  2.7
Unarmed Combat | |  0.1

Action                   |  1- 3 |  4- 6 || total
-------------------------+-------+-------++-------
Melee: Unarmed           |    11 |     7 ||    18
       Bite              |     9 |     7 ||    16
       Short sword       |    15 |    38 ||    53
Throw: Dart              |       |    11 ||    11
       Stone             |       |     1 ||     1
 Cast: Necrotise         |    41 |    57 ||    98
  Use: Scroll            |       |     6 ||     6
       Potion            |       |     5 ||     5
 Stab: Sleeping          |     4 |       ||     4
       Invisible         |       |     1 ||     1
Armor: Robe              |     1 |       ||     1
       Leather armour    |     4 |     6 ||    10
       Skin              |       |     1 ||     1
Dodge: Dodged            |    14 |    47 ||    61
